 Dungeon Crawl Stone Soup version bcrawl-1.19.2-6-g6a88ae04c9 (webtiles) character file.

Game seed: 18314160819219836734

214 Banto the Insei (level 5, -4/33 HPs)
             Began as an Octopode Transmuter on Jan 9, 2020.
             Slain by an ogre
             ... wielding a cursed -1 giant spiked club
              (27 damage)
             ... on level 4 of the Dungeon.
             The game lasted 00:04:19 (4016 turns).

Banto the Insei (Octopode Transmuter)               Turns: 4016, Time: 00:04:20

Health: -4/33      AC:  4    Str:  9    XL:     5   Next: 91%
Magic:  5/8        EV: 19    Int: 17    God:
Gold:   158        SH:  0    Dex: 17    Spells: 2/8 levels left

rFire    . . .     SeeInvis +     - Unarmed
rCold    . . .     Gourm    .   (shield currently unavailable)
rNeg     . . .     Faith    .   (helmet currently unavailable)
rPois    x         Spirit   .   (cloak currently unavailable)
rElec    .         Reflect  .   f - amulet of inaccuracy (curse)
rCorr    .         Harm     .   k - +2 ring of protection
MR       .....                  m - ring of see invisible
Stlth    ++........             (no ring)
HPRegen  0.11/turn              (no ring)
MPRegen  0.11/turn              (no ring)
                                (no ring)
                                (no ring)
                                (no ring)

@: spider-form (expiring)
A: tiny, almost no armour, stealthy swim, (amphibious), 8 rings, (constrict 8)
a: End Transformation


You were on level 4 of the Dungeon.
You were hungry.
You were a venomous arachnid creature.
You visited 1 branch of the dungeon, and saw 4 of its levels.

You collected 158 gold pieces.

Inventory:

Missiles
 a - 556 arrows
Jewellery
 f - a cursed amulet of inaccuracy (around neck)
 k - a +2 ring of protection (left front leg)
 m - a ring of see invisible (right front leg)
Wands
 l - a wand of polymorph (26)
Potions
 b - a potion of berserk rage {unknown}
 c - a potion of lignification
 e - a potion of degeneration {unknown}
 g - a potion of brilliance {unknown}
 h - 5 potions of curing
 i - a potion of flight {unknown}
Comestibles
 d - 10 rations {!d}


   Skills:
 - Level 1.0 Fighting
 - Level 2.0 Dodging
 + Level 5.0 Unarmed Combat
 - Level 2.0 Spellcasting
 + Level 4.3 Transmutations


You had 2 spell levels left.
You knew the following spells:

 Your Spells              Type           Power        Failure   Level  Hunger
a - Beastly Appendage     Tmut           ###...       11%         1    #......
b - Sticks to Snakes      Tmut           ###.....     14%         2    ###....
c - Spider Form           Tmut/Pois      #..          45%         3    ###....

Your spell library contained the following spells:

 Spells                   Type           Power        Failure   Level  Hunger
 Apportation              Tloc           #.....       38%         1    #......
 Infusion                 Chrm           #.......     38%         1    #......
 Sandblast                Erth           #.....       38%         1    #......
 Slow                     Hex            #.......     38%         1    #......
 Summon Butterflies       Summ           #.......     38%         1    #......
 Ice Form                 Ice/Tmut       #.......     80%         4    #####..
 Blade Hands              Tmut           ###.......   83%         5    ######.


Dungeon Overview and Level Annotations

Branches:
Dungeon (4/12)
 Temple: D:4-7

Altars:
Ashenzari
Kikubaaqudgha


Innate Abilities, Weirdness & Mutations

You cannot wear most types of armour.
You are very stealthy in the water. (Stealth+)
((You are amphibious.))
You can wear up to eight rings at the same time.
((You can use your tentacles to constrict eight enemies at once.))
((Your skin changes colour to match your surroundings (Stealth+).))
((Your rubbery body absorbs attacks. (AC +1, EV +1)))


Message History

The adder hisses angrily.
The ogre shouts!
The adder closely misses you.
Casting: Spider Form (safe; 24% risk of failure)
Confirm with . or Enter, or press ? or * to list all spells.
You turn into a venomous arachnid creature.
You are feeling hungry.
The adder misses you. The adder completely misses you.
You closely miss the adder. The adder completely misses you.
You hit the ogre.
The ogre is poisoned.
The ogre is lightly wounded.
Your transformation is almost over.
The adder bites you.
The ogre hits you with a cursed -1 giant spiked club!
You hit the ogre.
The ogre looks more poisoned.
The ogre is moderately wounded.
A hound comes into view.
The adder barely misses you.
The ogre hits you with a cursed -1 giant spiked club!!
Ouch! That really hurt!
You die...

#.......####..#.......
#.......##...........
##.#.................
#..#.................
###..............##.
###...............##
#..................#
##..................
###......sO......#
##....##Sh....##
.......##.....#
###.....##...#..#
##.##.....## .# .##
.....# . .. #.....
#...... .......


You could see an ogre, a hound and an adder.

Vanquished Creatures
  A hound (D:4)
  4 gnolls (D:3)
  5 adders
  3 worms
  3 dart slugs
  4 leopard geckos
  6 orcs
  A ball python (D:2)
  6 bats
  5 giant cockroaches
  7 goblins
  10 hobgoblins
  A quokka (D:2)
  4 frilled lizards
  7 kobolds
  8 rats
75 creatures vanquished.

Notes
Turn   | Place    | Note
-------+----------+-------------------------------------------
     0 | D:1      | Banto the Octopode Transmuter began the quest for the Orb.
     0 | D:1      | Reached XP level 1. HP: 13/13 MP: 3/3
   315 | D:1      | Reached XP level 2. HP: 14/18 MP: 5/5
  1108 | D:2      | Reached XP level 3. HP: 18/23 MP: 6/6
  1727 | D:2      | Reached skill level 4 in Unarmed Combat
  1727 | D:2      | Reached XP level 4. HP: 28/28 MP: 7/7
  1891 | D:2      | Learned a level 2 spell: Sticks to Snakes
  1895 | D:2      | Learned a level 3 spell: Spider Form
  2096 | D:3      | Found a shattered altar of Ashenzari.
  2181 | D:3      | Reached XP level 5. HP: 8/33 MP: 0/8
  2790 | D:3      | Found an ancient bone altar of Kikubaaqudgha.
  3886 | D:4      | Reached skill level 5 in Unarmed Combat
  3999 | D:4      | Noticed an ogre
  4016 | D:4      | Slain by an ogre

Skill      XL: |  1  2  3  4  5 |
---------------+----------------+-----
Transmutations | 3 4 |  4.3
Unarmed Combat | 4 5 |  5.0
Fighting       | |  1.0
Dodging        | |  2.0
Spellcasting   | |  2.0

Action                   |  1- 3 |  4- 6 || total
-------------------------+-------+-------++-------
Melee: Unarmed           |    92 |   110 ||   202
       Constrict         |    27 |    19 ||    46
       Tentacles         |    16 |    10 ||    26
       Punch             |     1 |     3 ||     4
 Cast: Spider Form       |       |     4 ||     4
  Use: Scroll            |       |     3 ||     3
 Stab: Sleeping          |     4 |     7 ||    11
       Distracted        |     1 |       ||     1
  Eat: Chunk             |     3 |     7 ||    10
Armor: Skin              |     8 |    12 ||    20
Dodge: Dodged            |    50 |   100 ||   150
